Map: Curious Minds LE

Players

Warthog - Winner!

  • Race: Terran Terran
  • League: Gold
  • Spawn Location: 5:00

Quickhitta

  • Race: Terran Terran
  • League: Platinum
  • Spawn Location: 11:00

VOD

Have the link to the VOD?

Description

Time

  • Played on: Nov. 2, 2021, 6 p.m.
  • Length: 16:08
Show
View Real Time Build Order
Export as new Build Order

Warthog Terran - Winner!

Build Orders:  

Get SALT Encoding   

  12  0:00  SCV  
  13  0:12  SCV  
  14  0:18  Supply Depot  
  14  0:25  SCV  
  15  0:39  SCV  
  15  0:41  Barracks  
  16  0:44  Refinery  
  16  0:52  SCV  
  17  1:04  SCV  
  18  1:16  SCV  
  19  1:29  Orbital Command  
  19  1:30  Barracks Reactor  
  19  1:41  Command Center  
  19  1:50  Supply Depot  
  19  2:02  SCV  
  19  2:06  Marine x2  
  22  2:14  SCV  
  23  2:23  Marine  
  23  2:24  Marine  
  23  2:26  SCV  
  23  2:29  Barracks  
  26  2:33  Barracks  
  26  2:38  SCV  
  26  2:41  Marine x2  
  29  2:51  SCV  
  29  2:52  Refinery  
  29  2:55  Orbital Command  
  30  3:03  SCV  
  31  3:07  Marine  
  31  3:08  Marine  
  33  3:15  SCV  
  33  3:18  Barracks Tech Lab  
  34  3:21  SCV, Barracks Tech Lab  
  35  3:28  SCV  
  35  3:31  Bunker  
  35  3:32  Marine x2  
  35  3:34  SCV  
  39  3:40  Supply Depot, SCV  
  40  3:46  SCV  
  40  3:47  Factory  
  41  3:51  Stimpack, Combat Shield  
  41  3:57  SCV  
  41  3:58  SCV  
  42  4:13  SCV x2  
  42  4:14  Marauder, Marine x3  
  42  4:16  Supply Depot  
  49  4:20  Supply Depot  
  49  4:25  SCV  
  49  4:27  Engineering Bay  
  49  4:29  SCV  
  51  4:31  Marine  
  51  4:36  Marauder  
  51  4:38  SCV, Marine  
  56  4:46  Marauder, Starport  
  56  4:48  Factory Reactor  
  58  4:54  SCV  
  58  4:55  SCV  
  58  4:57  Marauder  
  58  4:58  Marine x2  
  64  5:08  Supply Depot  
  64  5:10  Supply Depot, Missile Turret, Marine  
  64  5:16  Marine  
  64  5:17  Missile Turret  
  64  5:18  Concussive Shells  
  59  5:25  Marine  
  59  5:27  Marine  
  60  5:30  Marine  
  61  5:38  SCV  
  61  5:39  SCV  
  61  5:42  Terran Infantry Weapons Level 1  
  63  5:50  Factory Tech Lab  
  63  5:51  SCV  
  63  5:52  SCV  
  65  6:00  Marine  
  65  6:01  Marine x3  
  65  6:02  Medivac  
  65  6:03  SCV  
  72  6:04  Medivac  
  72  6:10  Supply Depot  
  72  6:11  SCV  
  75  6:15  SCV  
  75  6:18  Marine  
  76  6:27  SCV  
  76  6:30  SCV  
  78  6:39  SCV  
  79  6:44  SCV  
  80  6:51  SCV  
  80  6:52  Armory  
  81  6:55  Engineering Bay  
  81  6:56  SCV  
  81  6:57  Supply Depot  
  81  6:58  Command Center  
  82  7:08  Marauder, Marine x2  
  84  7:09  Medivac, Siege Tank  
  84  7:10  Medivac  
  84  7:11  SCV  
  94  7:19  SCV  
  95  7:23  Supply Depot  
  95  7:25  Supply Depot, Refinery  
  93  7:45  Supply Depot  
  80  7:51  Terran Infantry Weapons Level 2  
  80  7:52  Supply Depot, Terran Infantry Armor Level 1  
  80  7:58  SCV x2  
  79  8:00  Marauder x2, Marine x2  
  83  8:07  Refinery  
  83  8:10  SCV x2, Orbital Command  
  85  8:15  Refinery  
  85  8:18  Marine x2  
  87  8:20  Refinery  
  87  8:21  Marine  
  87  8:22  SCV x2  
  87  8:23  Barracks  
  87  8:24  Supply Depot, Barracks  
  87  8:25  Supply Depot  
  90  8:28  Marauder  
  92  8:34  SCV x2  
  92  8:36  Marine  
  95  8:43  Marauder, Marine  
  95  8:45  SCV  
  95  8:46  SCV x2  
  101  8:49  Marauder  
  101  8:53  Marine  
  104  8:57  SCV  
  104  8:58  SCV x2  
  104  8:59  Siege Tank  
  104  9:00  Marine  
  104  9:01  Medivac x2  
  115  9:09  SCV  
  116  9:10  SCV x2  
  118  9:31  Siege Tank  
  121  9:47  Marauder x2, Marine x2  
  121  9:48  Medivac  
  121  9:49  Medivac  
  121  9:51  Barracks Reactor, Barracks Tech Lab  
  131  10:01  Factory x2  
  131  10:03  Siege Tank  
  131  10:05  Marine  
  135  10:10  Marine x4  
  139  10:18  Medivac  
  141  10:23  Terran Infantry Weapons Level 3, Command Center, Terran Infantry Armor Level 2, Marine  
  141  10:25  Terran Vehicle Weapons Level 1  
  141  10:27  Medivac  
  141  10:28  Marine x4  
  145  10:35  Siege Tank  
  151  10:41  Marine x3  
  154  10:46  Marine x4  
  154  10:48  Liberator  
  161  10:59  Marine  
  161  11:03  Marine  
  163  11:07  Factory Tech Lab x2  
  162  12:00  Supply Depot  
  162  12:02  Supply Depot  
  162  12:03  Marine  
  162  12:04  Supply Depot, Marine x6  
  162  12:05  Siege Tank x3  
  162  12:06  Medivac  
  180  12:21  Medivac  
  182  12:31  Planetary Fortress  
  182  12:33  Marine x5  
  182  12:34  Marine x2  
  182  12:36  Medivac  
  182  12:37  Widow Mine, Siege Tank x2  
  199  12:51  Marine x2  
  191  13:09  Marine  
  191  13:10  Marine x5  
  197  13:16  Siege Tank  
  197  13:17  Marine  
  194  13:27  Marine x2  
Show
View Real Time Build Order
Export as new Build Order

Quickhitta Terran 

Build Orders: Banshee Rush 

Get SALT Encoding   

  12  0:02  SCV  
  13  0:14  SCV  
  14  0:21  Supply Depot  
  14  0:26  SCV  
  15  0:32  Refinery  
  15  0:45  Barracks  
  15  0:47  SCV  
  16  0:59  SCV  
  17  1:10  Supply Depot  
  17  1:11  SCV  
  18  1:23  SCV  
  19  1:27  Refinery  
  19  1:35  Barracks, SCV  
  20  1:46  Factory  
  20  1:59  Marine  
  22  2:01  SCV  
  22  2:13  SCV  
  23  2:24  Marine  
  23  2:26  Supply Depot, SCV  
  25  2:32  Starport  
  25  2:37  Factory Tech Lab  
  25  2:39  SCV  
  26  2:47  Marine  
  26  2:51  SCV  
  28  2:53  Supply Depot  
  28  3:00  Siege Tank  
  31  3:10  Starport Tech Lab  
  31  3:13  Orbital Command  
  31  3:24  Supply Depot  
  31  3:25  Marine  
  32  3:31  Cloaking Field  
  32  3:36  Banshee  
  35  3:50  Supply Depot  
  35  3:51  Marine  
  35  3:52  Marine  
  35  3:53  SCV  
  38  3:59  Supply Depot  
  38  4:11  Marine  
  38  4:15  Siege Tank  
  42  4:19  Supply Depot, Banshee  
  45  4:29  Marine  
  45  4:30  Marine  
  47  4:38  Supply Depot  
  47  4:51  Factory  
  41  5:45  Command Center, Siege Tank  
  41  5:48  Factory Tech Lab, Marine x2  
  46  6:02  Armory  
  46  6:04  Starport  
  46  6:06  Marine x2  
  48  6:13  Siege Tank  
  48  6:17  Siege Tank  
  54  6:19  SCV  
  54  6:24  Marine x2  
  57  6:31  SCV  
  58  6:42  Marine x2  
  58  6:43  SCV  
  58  6:46  Viking  
  63  6:57  Engineering Bay  
  63  7:00  Barracks Reactor  
  64  7:03  Siege Tank  
  67  7:09  Refinery x2  
  67  7:10  SCV  
  67  7:15  Barracks Tech Lab  
  67  7:19  Viking  
  67  7:22  SCV  
  70  7:23  Supply Depot  
  70  7:34  SCV  
  58  7:46  SCV  
  49  7:57  Marine x3  
  49  8:07  SCV  
  49  8:11  SCV  
  49  8:12  Viking  
  53  8:14  Marine  
  53  8:15  Marine  
  53  8:16  Missile Turret  
  53  8:18  Terran Ship Weapons Level 1  
  53  8:19  SCV  
  56  8:23  SCV  
  57  8:31  SCV  
  58  8:35  SCV  
  58  8:36  Stimpack  
  59  8:42  Medivac  
  59  8:47  Missile Turret x2  
  59  8:48  SCV  
  62  8:59  Starport  
  62  9:00  SCV  
  63  9:04  Orbital Command  
  63  9:12  SCV  
  63  9:15  Supply Depot, Marine x3  
  67  9:19  Medivac  
  69  9:26  Siege Tank  
  72  9:32  Terran Infantry Weapons Level 1, Marine  
  72  9:33  Marine  
  72  9:34  SCV  
  75  9:41  SCV  
  76  9:46  SCV  
  76  9:47  Command Center  
  77  9:54  Starport Tech Lab  
  77  9:56  Starport Tech Lab  
  77  9:58  SCV  
  78  10:05  Starport  
  77  10:10  SCV  
  78  10:32  Viking x2  
  78  10:33  Marine x2  
  78  10:34  Marine  
  85  10:40  Supply Depot  
  85  10:47  Siege Tank  
  85  10:48  Siege Tank  
  91  10:51  Marine x3  
  94  10:57  Barracks  
  94  11:02  Viking  
  96  11:09  Marine  
  97  11:11  SCV  
  97  11:15  SCV  
  99  11:18  Starport Reactor  
  99  11:19  Siege Tank  
  99  11:20  Siege Tank  
  99  11:21  Supply Depot  
  105  11:27  SCV, Starport  
  106  11:51  SCV  
  106  11:52  Missile Turret  
  106  11:53  Viking x2  
  111  11:54  Medivac  
  113  12:03  SCV, Barracks Tech Lab  
  113  12:04  Barracks  
  114  12:16  SCV  
  114  12:18  Refinery  
  115  12:23  Viking, Medivac  
  119  12:34  Fusion Core  
  119  12:35  Supply Depot  
  119  12:37  Starport Tech Lab  
  119  12:42  Refinery  
  102  12:57  Planetary Fortress  
  81  13:24  Marine  
  81  13:25  Marine x4  
  86  13:40  Siege Tank x2  
  80  13:42  Marine x2  
  80  13:43  Banshee, Marine x3  
  91  14:00  Marine x3  
Tags
 
Add a new tag
Caveats
  • Supply blocks, unpowered buildings, or Contaminate may cause inaccurate times.
  • Supply counts are checked every 10 seconds.